San Jose Sharks vs Detroit Red Wings
Created - Wednesday, November 1, 2023 at 07:43
Goals
|
| San Jose Sharks |
0 |
2 |
1 |
3 |
| Detroit Red Wings |
0 |
4 |
1 |
5 |
|
Shots
|
| San Jose Sharks |
15 |
15 |
6 |
36 |
| Detroit Red Wings |
6 |
11 |
11 |
28 |
|
1st period
No Goal
Penalties :
Sean Couturier (DET) for Holding (Minor) at 7:07, Michael Del Zotto (DET) for Holding (Minor) at 18:21
2nd period
1. San Jose Sharks , Oliver Bjorkstrand 19 (Anthony Deangelo 14) at 1:46
2. Detroit Red Wings , Matthew Boldy 18 (Mika Zibanejad 40, Carter Verhaeghe 25) at 4:42
3. Detroit Red Wings , Josh Bailey 8 (Sean Couturier 5) at 5:54
4. Detroit Red Wings , Patrick Kane 13 (Steven Stamkos 44, Alexander Barabanov 10) at 6:08
5. San Jose Sharks , Adam Henrique 20 (Alex Iafallo 27, Ryan Hartman 33) at 12:53
6. Detroit Red Wings , Mika Zibanejad 26 (Patrick Kane 33, Steven Stamkos 45) at 16:30
Penalties :
Michael Del Zotto (DET) for Slashing (Minor) at 19:03
3rd period
7. Detroit Red Wings , Matthew Boldy 19 (Carter Verhaeghe 26, Philippe Myers 8) at 7:51
8. San Jose Sharks , Ryan Strome 20 (William Karlsson 33) at 8:57
Penalties :
Alex Iafallo (SJS) for Interference (Minor) at 9:48, Anthony Deangelo (SJS) for Boarding (Minor) at 16:13
Goalie Stats
Martin Jones (SJS), 23 saves from 28 shots - (0.821), L, 24-13-11, 60:00 minutes
Vitek Vanecek (DET), 33 saves from 36 shots - (0.917), W, 12-9-2, 60:00 minutes
Players Stats for San Jose Sharks
Player Name G A P +/- PIM S H SB GA TA FO MP PP MP PK MP
------------------------------------------------------------------------------------
Adam Henrique 1 0 1 1 0 5 1 1 0 0 8/12 18:59 3:00 1:22
Alex Iafallo 0 1 1 1 2 0 0 1 2 1 1/1 17:58 2:58 0:29
Andreas Athanasiou 0 0 0 0 0 6 1 3 0 1 1/1 12:38 0:00 0:00
Anthony Deangelo 0 1 1 1 2 0 1 0 0 0 0/0 19:48 3:07 0:00
Calle Rosen 0 0 0 -2 0 0 1 0 0 1 0/0 16:27 0:00 2:25
Danton Heinen 0 0 0 -2 0 0 0 0 0 1 0/0 10:32 0:02 0:28
Derek Forbort 0 0 0 -1 0 0 2 3 0 2 0/0 23:44 2:50 1:33
Jacob Middleton 0 0 0 -2 0 0 1 0 0 0 0/0 16:27 0:00 2:25
Joel Edmundson 0 0 0 1 0 2 2 0 0 0 0/0 19:49 3:07 0:00
Michael Bunting 0 0 0 -2 0 2 1 0 1 0 0/0 10:16 0:02 0:00
Mike Hoffman 0 0 0 -2 0 0 0 0 0 0 0/1 11:28 0:00 1:19
Nicholas Paul 0 0 0 0 0 6 1 0 1 0 2/4 13:14 0:00 0:48
Nikita Zadorov 0 0 0 -1 0 1 1 0 0 0 0/0 23:44 2:50 1:33
Oliver Bjorkstrand 1 0 1 -1 0 4 4 1 0 1 0/0 15:50 2:57 0:00
Ryan Hartman 0 1 1 1 0 1 3 1 0 0 0/0 19:09 2:58 1:39
Ryan Strome 1 0 1 -1 0 4 1 0 2 0 1/2 15:50 2:57 0:00
Travis Boyd 0 0 0 0 0 3 1 0 0 0 0/0 12:26 0:00 0:00
William Karlsson 0 1 1 -1 0 2 2 0 0 1 13/27 17:41 2:57 1:51
Players Stats for Detroit Red Wings
Player Name G A P +/- PIM S H SB GA TA FO MP PP MP PK MP
------------------------------------------------------------------------------------
Alexander Barabanov 0 1 1 -1 0 0 3 1 2 0 0/1 18:27 0:00 0:01
Arthur Kaliyev 0 0 0 -1 0 1 0 0 0 2 1/1 11:32 0:46 0:00
Carter Verhaeghe 0 2 2 3 0 3 1 0 0 0 1/1 15:02 2:03 0:00
Jared McCann 0 0 0 -1 0 0 0 0 0 0 6/14 14:45 1:26 3:06
Jonathan Huberdeau 0 0 0 -1 0 3 3 0 1 0 0/0 11:42 0:49 0:23
Josh Bailey 1 0 1 1 0 2 0 0 0 1 0/0 11:11 0:39 2:46
Kevin Shattenkirk 0 0 0 -1 0 1 6 5 1 1 0/0 26:45 1:02 3:02
MacKenzie Weegar 0 0 0 -1 0 1 4 2 1 1 0/0 27:07 1:22 3:02
Matthew Boldy 2 0 2 3 0 2 3 0 0 0 0/1 16:03 2:03 0:48
Michael Del Zotto 0 0 0 1 4 2 2 1 0 0 0/0 15:29 2:33 0:35
Mika Zibanejad 1 1 2 3 0 3 3 0 1 0 10/18 18:07 2:03 2:49
Nick Ritchie 0 0 0 1 0 1 3 0 0 0 0/0 8:25 0:00 0:00
Patrick Kane 1 1 2 -1 0 5 2 1 2 1 0/1 19:09 0:59 0:00
Philippe Myers 0 1 1 1 0 0 1 0 0 0 0/0 15:14 0:03 2:55
Sean Couturier 0 1 1 1 2 0 1 1 0 0 0/0 10:24 0:00 2:01
Shayne Gostisbehere 0 0 0 2 0 1 3 0 0 0 0/0 19:43 2:33 2:20
Steven Stamkos 0 2 2 -1 0 2 2 0 0 0 4/11 19:12 0:59 0:00
Zach Bogosian 0 0 0 2 0 1 2 1 0 0 0/0 15:43 0:30 0:00
3 Stars
1 - Matthew Boldy (DET)
2 - Mika Zibanejad (DET)
3 - Carter Verhaeghe (DET)
Power Play
San Jose Sharks - 0 on 3 Attempt(s) - 0.00%
Detroit Red Wings - 0 on 2 Attempt(s) - 0.00%
Penalty Kill
San Jose Sharks - 2 on 2 Attempt(s) - 100.00%
- Score 0 goal in Penalty Kill
Detroit Red Wings - 3 on 3 Attempt(s) - 100.00%
- Score 0 goal in Penalty Kill
Team Stat
San Jose Sharks - Hits : 23 - Faceoff Wins : 26 - Blocked Shots : 10 - Penalty Minutes : 4
Detroit Red Wings - Hits : 39 - Faceoff Wins : 22 - Blocked Shots : 12 - Penalty Minutes : 6
Official
Referees : Francois StLaurent and Gord Dwyer
Linesman : Bryan Pancich and Brad Kovachik
Game Notes
No Game Note
Finance
Level 1 -- Attendance: 4575 (76.25%) -- Ticket Income $457,500
Level 2 -- Attendance: 3593 (71.86%) -- Ticket Income $215,580
Level 3 -- Attendance: 2383 (79.43%) -- Ticket Income $83,405
Level 4 -- Attendance: 3974 (79.48%) -- Ticket Income $99,350
Luxury Box -- Attendance: 832 (83.20%) -- Ticket Income $166,400
Game was played at the Joe Louis Arena.
Total Attendance: 15357 (76.79%)
Total Ticket Income: $1,022,235
Other Income: $357,782
Total Income: $1,380,017
San Jose Sharks
5 vs 5 Forward
Center Left Wing Right Wing Time % Phy DF OF
1 Adam Henrique Alex Iafallo Ryan Hartman 30 1 2 2
2 William Karlsson Oliver Bjorkstrand Ryan Strome 30 1 2 2
3 Nicholas Paul Andreas Athanasiou Travis Boyd 25 1 2 2
4 Mike Hoffman Michael Bunting Danton Heinen 15 1 2 2
5 vs 5 Defense
Defense Defense Time % Phy DF OF
1 Derek Forbort Nikita Zadorov 35 1 2 2
2 Joel Edmundson Anthony Deangelo 35 1 2 2
3 Jacob Middleton Calle Rosen 30 1 2 2
4 Derek Forbort Joel Edmundson 0 1 2 2
PowerPlay Forward
Center Left Wing Right Wing Time % Phy DF OF
1 Adam Henrique Alex Iafallo Ryan Hartman 50 1 2 2
2 William Karlsson Oliver Bjorkstrand Ryan Strome 50 1 2 2
PowerPlay Defense
Defense Defense Time % Phy DF OF
1 Derek Forbort Nikita Zadorov 50 1 2 2
2 Joel Edmundson Anthony Deangelo 50 1 2 2
Penalty Kill 4 Players Forward
Center Wing Time % Phy DF OF
1 Adam Henrique William Karlsson 50 1 2 2
2 Alex Iafallo Ryan Hartman 50 1 2 2
Penalty Kill 4 Players Defense
Defense Defense Time % Phy DF OF
1 Derek Forbort Nikita Zadorov 50 1 2 2
2 Jacob Middleton Calle Rosen 50 1 2 2
Penalty Kill - 3 Players Forward
Forward Time % Phy DF OF
1 Adam Henrique 50 1 2 2
2 William Karlsson 50 1 2 2
Penalty Kill - 3 Players Defense
Defense Defense Time % Phy DF OF
1 Derek Forbort Jacob Middleton 50 1 2 2
2 Nikita Zadorov Anthony Deangelo 50 1 2 2
4 vs 4 Forward
Center Wing Time % Phy DF OF
1 Adam Henrique William Karlsson 50 1 2 2
2 Alex Iafallo Ryan Hartman 50 1 2 2
4 vs 4 Defense
Defense Defense Time % Phy DF OF
1 Nikita Zadorov Derek Forbort 50 1 2 2
2 Joel Edmundson Jacob Middleton 50 1 2 2
Last Minutes Offensive
Center Left Wing Right Wing Defense Defense
Adam Henrique Alex Iafallo Ryan Hartman Derek Forbort Nikita Zadorov
Last Minutes Defensive
Center Left Wing Right Wing Defense Defense
Adam Henrique Alex Iafallo Ryan Hartman Derek Forbort Nikita Zadorov
Goaltenders
Starting : Martin Jones
Backup : James Reimer
Extra Forwards
Normal : Michael Bunting, Andreas Athanasiou, Mike Hoffman - PP : Michael Bunting, Andreas Athanasiou - PK : Mike Hoffman
Extra Defensemen
Normal : Nikita Zadorov, Jacob Middleton, Derek Forbort - PP : Nikita Zadorov - PK : Jacob Middleton, Derek Forbort
Penalty Shots
Adam Henrique, William Karlsson, Alex Iafallo, Ryan Hartman, Ryan Strome
Detroit Red Wings
5 vs 5 Forward
Center Left Wing Right Wing Time % Phy DF OF
1 Steven Stamkos Alexander Barabanov Patrick Kane 35 1 1 3
2 Mika Zibanejad Carter Verhaeghe Matthew Boldy 30 1 2 2
3 Jared McCann Jonathan Huberdeau Arthur Kaliyev 25 2 2 1
4 Sean Couturier Josh Bailey Nick Ritchie 10 2 2 1
5 vs 5 Defense
Defense Defense Time % Phy DF OF
1 Kevin Shattenkirk MacKenzie Weegar 40 1 2 2
2 Zach Bogosian Shayne Gostisbehere 30 1 2 2
3 Philippe Myers Michael Del Zotto 20 3 1 1
4 Kevin Shattenkirk MacKenzie Weegar 10 1 2 2
PowerPlay Forward
Center Left Wing Right Wing Time % Phy DF OF
1 Mika Zibanejad Carter Verhaeghe Matthew Boldy 50 1 2 2
2 Steven Stamkos Jared McCann Patrick Kane 50 1 1 3
PowerPlay Defense
Defense Defense Time % Phy DF OF
1 Kevin Shattenkirk MacKenzie Weegar 50 1 2 2
2 Shayne Gostisbehere Michael Del Zotto 50 1 2 2
Penalty Kill 4 Players Forward
Center Wing Time % Phy DF OF
1 Mika Zibanejad Jared McCann 50 1 2 2
2 Sean Couturier Josh Bailey 50 2 2 1
Penalty Kill 4 Players Defense
Defense Defense Time % Phy DF OF
1 Kevin Shattenkirk MacKenzie Weegar 50 1 2 2
2 Philippe Myers Shayne Gostisbehere 50 2 2 1
Penalty Kill - 3 Players Forward
Forward Time % Phy DF OF
1 Mika Zibanejad 50 1 2 2
2 Sean Couturier 50 1 2 2
Penalty Kill - 3 Players Defense
Defense Defense Time % Phy DF OF
1 Kevin Shattenkirk MacKenzie Weegar 50 1 2 2
2 Philippe Myers Shayne Gostisbehere 50 2 2 1
4 vs 4 Forward
Center Wing Time % Phy DF OF
1 Mika Zibanejad Carter Verhaeghe 60 1 2 2
2 Steven Stamkos Matthew Boldy 40 1 1 3
4 vs 4 Defense
Defense Defense Time % Phy DF OF
1 Kevin Shattenkirk MacKenzie Weegar 60 1 2 2
2 Shayne Gostisbehere Michael Del Zotto 40 1 2 2
Last Minutes Offensive
Center Left Wing Right Wing Defense Defense
Mika Zibanejad Steven Stamkos Matthew Boldy Kevin Shattenkirk MacKenzie Weegar
Last Minutes Defensive
Center Left Wing Right Wing Defense Defense
Mika Zibanejad Jared McCann Matthew Boldy Kevin Shattenkirk MacKenzie Weegar
Goaltenders
Starting : Vitek Vanecek
Backup : Semyon Varlamov
Extra Forwards
Normal : Sean Couturier, Nick Ritchie, Arthur Kaliyev - PP : Josh Bailey, Arthur Kaliyev - PK : Jared McCann
Extra Defensemen
Normal : Philippe Myers, Michael Del Zotto, Kevin Shattenkirk - PP : Michael Del Zotto - PK : Philippe Myers, Michael Del Zotto
Penalty Shots
Mika Zibanejad, Steven Stamkos, Matthew Boldy, Carter Verhaeghe, Jared McCann
% Time on Ice - San Jose Sharks
Lines # - Real PCT - Wanted PCT - Time Play
Normal Forward
1 - 29% - 30% - 14:42
2 - 26% - 30% - 13:02
3 - 25% - 25% - 12:26
4 - 20% - 15% - 9:55
Normal Defense
1 - 39% - 35% - 19:21
2 - 33% - 35% - 16:42
3 - 28% - 30% - 14:02
4 - 0% - 0% - 0:00
PP Forward
1 - 50% - 50% - 3:00
2 - 50% - 50% - 2:57
PP Defense
1 - 48% - 50% - 2:50
2 - 52% - 50% - 3:07
PK Forward
1 - 47% - 50% - 1:51
2 - 53% - 50% - 2:07
PK Defense
1 - 39% - 50% - 1:33
2 - 61% - 50% - 2:25
PK3 Forward
1 - 0% - 50%
2 - 0% - 50%
PK3 Defense
1 - 0% - 50%
2 - 0% - 50%
44 Forward
1 - 0% - 50%
2 - 0% - 50%
44 Defense
1 - 0% - 50%
2 - 0% - 50%
Last Minute Offensive - 0:00
Last Minute Defensive - 0:00
Total
Forward - 60:00
Defense - 60:00
|
% Time on Ice - Detroit Red Wings
Lines # - Real PCT - Wanted PCT - Time Play
Normal Forward
1 - 38% - 35% - 18:59
2 - 27% - 30% - 13:19
3 - 20% - 25% - 10:02
4 - 15% - 10% - 7:45
Normal Defense
1 - 41% - 40% - 20:39
2 - 31% - 30% - 15:23
3 - 23% - 20% - 11:18
4 - 5% - 10% - 2:45
PP Forward
1 - 75% - 50% - 2:59
2 - 25% - 50% - 0:59
PP Defense
1 - 34% - 50% - 1:22
2 - 66% - 50% - 2:36
PK Forward
1 - 45% - 50% - 2:42
2 - 55% - 50% - 3:15
PK Defense
1 - 51% - 50% - 3:02
2 - 49% - 50% - 2:55
PK3 Forward
1 - 0% - 50%
2 - 0% - 50%
PK3 Defense
1 - 0% - 50%
2 - 0% - 50%
44 Forward
1 - 0% - 60%
2 - 0% - 40%
44 Defense
1 - 0% - 60%
2 - 0% - 40%
Last Minute Offensive - 0:00
Last Minute Defensive - 0:00
Total
Forward - 60:00
Defense - 60:00
|
Play-by-Play
1st period
0:01 of 1st period - Adam Henrique wins face-off versus Steven Stamkos in neutral zone.
0:12 of 1st period - Snap shot by Adam Henrique.
0:12 of 1st period - Stopped by Vitek Vanecek without a rebound.
0:13 of 1st period - Carter Verhaeghe wins face-off versus William Karlsson in Detroit Red Wings zone.
0:39 of 1st period - Travis Boyd is hit by Jonathan Huberdeau and loses puck.
1:14 of 1st period - Danton Heinen is hit by Steven Stamkos and loses puck.
1:43 of 1st period - Jacob Middleton is hit by MacKenzie Weegar and loses puck.
2:05 of 1st period - Snap shot by Adam Henrique.
2:05 of 1st period - Stopped by Vitek Vanecek with a rebound.
2:07 of 1st period - Slapshot by Jacob Middleton.
2:07 of 1st period - Shot Misses the Net.
2:13 of 1st period - Snap shot by Ryan Hartman.
2:13 of 1st period - Shot Misses the Net.
2:19 of 1st period - Snap shot by Adam Henrique.
2:19 of 1st period - Stopped by Vitek Vanecek without a rebound.
2:20 of 1st period - William Karlsson wins face-off versus Mika Zibanejad in Detroit Red Wings zone.
2:33 of 1st period - Wrist shot by William Karlsson.
2:33 of 1st period - Shot Misses the Net.
2:35 of 1st period - Wrist shot by William Karlsson.
2:35 of 1st period - Stopped by Vitek Vanecek with a rebound.
2:58 of 1st period - Snap shot by Matthew Boldy.
2:58 of 1st period - Shot Misses the Net.
3:02 of 1st period - Wrist shot by Carter Verhaeghe.
3:02 of 1st period - Deflect By Matthew Boldy.
3:02 of 1st period - Shot Misses the Net.
3:02 of 1st period - Puck is out of play.
3:03 of 1st period - Jared McCann wins face-off versus Nicholas Paul in San Jose Sharks zone.
3:10 of 1st period - Wrist shot by Jonathan Huberdeau.
3:10 of 1st period - Shot Misses the Net.
3:13 of 1st period - Icing by Anthony Deangelo.
3:14 of 1st period - Nicholas Paul wins face-off versus Steven Stamkos in San Jose Sharks zone.
3:25 of 1st period - Backhand shot by Nicholas Paul.
3:25 of 1st period - Shot Blocked by MacKenzie Weegar.
3:27 of 1st period - Snap shot by Travis Boyd.
3:27 of 1st period - Stopped by Vitek Vanecek with a rebound.
3:29 of 1st period - Snap shot by Nicholas Paul.
3:29 of 1st period - Stopped by Vitek Vanecek with a rebound.
3:31 of 1st period - Slapshot by Joel Edmundson.
3:31 of 1st period - Shot Blocked by Patrick Kane.
3:54 of 1st period - Snap shot by Patrick Kane.
3:54 of 1st period - Shot Misses the Net.
4:04 of 1st period - Slapshot by Patrick Kane.
4:04 of 1st period - Shot Misses the Net.
4:30 of 1st period - Snap shot by Steven Stamkos.
4:30 of 1st period - Shot Blocked by Andreas Athanasiou.
4:42 of 1st period - Snap shot by Andreas Athanasiou.
4:42 of 1st period - Stopped by Vitek Vanecek with a rebound.
4:44 of 1st period - Snap shot by Andreas Athanasiou.
4:44 of 1st period - Shot Misses the Net.
4:46 of 1st period - Wrist shot by Travis Boyd.
4:46 of 1st period - Stopped by Vitek Vanecek with a rebound.
5:00 of 1st period - Wrist shot by Steven Stamkos.
5:00 of 1st period - Shot Misses the Net.
5:10 of 1st period - Wrist shot by Travis Boyd.
5:10 of 1st period - Shot Blocked by MacKenzie Weegar.
5:12 of 1st period - Slapshot by Anthony Deangelo.
5:12 of 1st period - Deflect By Andreas Athanasiou.
5:12 of 1st period - Stopped by Vitek Vanecek with a rebound.
5:14 of 1st period - Snap shot by Travis Boyd.
5:14 of 1st period - Stopped by Vitek Vanecek with a rebound.
5:16 of 1st period - Slapshot by Joel Edmundson.
5:16 of 1st period - Shot Blocked by Kevin Shattenkirk.
5:18 of 1st period - Slapshot by Nicholas Paul.
5:18 of 1st period - Shot Misses the Net.
5:38 of 1st period - Travis Boyd is hit by MacKenzie Weegar and loses puck.
5:50 of 1st period - Snap shot by Nicholas Paul.
5:50 of 1st period - Shot Blocked by Kevin Shattenkirk.
5:52 of 1st period - Slapshot by Joel Edmundson.
5:52 of 1st period - Deflect By MacKenzie Weegar.
5:52 of 1st period - Stopped by Vitek Vanecek with a rebound.
5:54 of 1st period - Snap shot by Nicholas Paul.
5:54 of 1st period - Stopped by Vitek Vanecek with a rebound.
5:56 of 1st period - Slapshot by Joel Edmundson.
5:56 of 1st period - Stopped by Vitek Vanecek with a rebound.
5:58 of 1st period - Snap shot by Andreas Athanasiou.
5:58 of 1st period - Stopped by Vitek Vanecek without a rebound.
5:59 of 1st period - Jared McCann wins face-off versus William Karlsson in Detroit Red Wings zone.
6:03 of 1st period - Off-side.
6:04 of 1st period - Jared McCann wins face-off versus William Karlsson in neutral zone.
6:35 of 1st period - Carter Verhaeghe is hit by Ryan Hartman and loses puck.
6:52 of 1st period - Shayne Gostisbehere is hit by Jacob Middleton and loses puck.
7:07 of 1st period - Minor Penalty to Sean Couturier for Holding.
7:08 of 1st period - Mika Zibanejad wins face-off versus Adam Henrique in Detroit Red Wings zone.
9:07 of 1st period - Penalty to Sean Couturier is over, Sean Couturier is back on ice.
11:21 of 1st period - Andreas Athanasiou is hit by Nick Ritchie and loses puck.
11:52 of 1st period - Derek Forbort is hit by Kevin Shattenkirk and loses puck.
12:30 of 1st period - Calle Rosen is hit by Jonathan Huberdeau and loses puck.
12:41 of 1st period - Jacob Middleton is hit by Nick Ritchie.
12:51 of 1st period - Joel Edmundson is hit by Philippe Myers and loses puck.
13:22 of 1st period - Philippe Myers is hit by Ryan Hartman and loses puck.
13:47 of 1st period - Wrist shot by Patrick Kane.
13:47 of 1st period - Stopped by Martin Jones with a rebound.
13:49 of 1st period - Slapshot by Michael Del Zotto.
13:49 of 1st period - Stopped by Martin Jones with a rebound.
13:51 of 1st period - Wrist shot by Matthew Boldy.
13:51 of 1st period - Shot Misses the Net.
14:01 of 1st period - Kevin Shattenkirk is hit by Nikita Zadorov and loses puck.
15:03 of 1st period - MacKenzie Weegar is hit by Ryan Strome and loses puck.
15:10 of 1st period - Oliver Bjorkstrand is hit by MacKenzie Weegar.
15:22 of 1st period - Nicholas Paul is hit by Sean Couturier and loses puck.
15:27 of 1st period - Snap shot by Josh Bailey.
15:27 of 1st period - Shot Misses the Net.
15:29 of 1st period - Snap shot by Sean Couturier.
15:29 of 1st period - Shot Blocked by Andreas Athanasiou.
15:31 of 1st period - Slapshot by Shayne Gostisbehere.
15:31 of 1st period - Stopped by Martin Jones with a rebound.
15:33 of 1st period - Slapshot by Josh Bailey.
15:33 of 1st period - Shot Misses the Net.
15:35 of 1st period - Slapshot by Michael Del Zotto.
15:35 of 1st period - Stopped by Martin Jones with a rebound.
15:55 of 1st period - Michael Bunting is hit by MacKenzie Weegar and loses puck.
16:22 of 1st period - Matthew Boldy is hit by Joel Edmundson and loses puck.
16:35 of 1st period - Michael Bunting is hit by Matthew Boldy and loses puck.
16:54 of 1st period - Matthew Boldy is hit by Joel Edmundson and loses puck.
17:01 of 1st period - Michael Bunting is hit by Matthew Boldy and loses puck.
17:16 of 1st period - Snap shot by Carter Verhaeghe.
17:16 of 1st period - Stopped by Martin Jones without a rebound.
17:17 of 1st period - Jared McCann wins face-off versus William Karlsson in San Jose Sharks zone.
17:44 of 1st period - Ryan Hartman is hit by Patrick Kane and loses puck.
17:55 of 1st period - Snap shot by Steven Stamkos.
17:55 of 1st period - Stopped by Martin Jones with a rebound.
18:11 of 1st period - Wrist shot by Nicholas Paul.
18:11 of 1st period - Stopped by Vitek Vanecek with a rebound.
18:13 of 1st period - Slapshot by Calle Rosen.
18:13 of 1st period - Shot Blocked by Michael Del Zotto.
18:15 of 1st period - Snap shot by Travis Boyd.
18:15 of 1st period - Shot Blocked by Sean Couturier.
18:21 of 1st period - Minor Penalty to Michael Del Zotto for Holding.
18:22 of 1st period - William Karlsson wins face-off versus Mika Zibanejad in Detroit Red Wings zone.
Goals for this period are 0 for San Jose Sharks vs 0 for Detroit Red Wings.
Shots for this period are 15 for San Jose Sharks vs 6 for Detroit Red Wings.
2nd period
0:01 of 2nd period - Mika Zibanejad wins face-off versus Adam Henrique in neutral zone.
0:21 of 2nd period - Penalty to Michael Del Zotto is over, Michael Del Zotto is back on ice.
0:26 of 2nd period - Alexander Barabanov is hit by Anthony Deangelo.
1:11 of 2nd period - Wrist shot by Mika Zibanejad.
1:11 of 2nd period - Shot Misses the Net.
1:34 of 2nd period - Snap shot by Michael Bunting.
1:34 of 2nd period - Stopped by Vitek Vanecek without a rebound.
1:35 of 2nd period - William Karlsson wins face-off versus Jared McCann in Detroit Red Wings zone.
1:46 of 2nd period - Wrist shot by Oliver Bjorkstrand.
1:46 of 2nd period - Goal by Oliver Bjorkstrand - San Jose Sharks : 1 - Detroit Red Wings : 0.
1:47 of 2nd period - William Karlsson wins face-off versus Jared McCann in neutral zone.
1:50 of 2nd period - Kevin Shattenkirk is hit by William Karlsson and loses puck.
2:49 of 2nd period - Wrist shot by Nicholas Paul.
2:49 of 2nd period - Stopped by Vitek Vanecek without a rebound.
2:50 of 2nd period - Mika Zibanejad wins face-off versus William Karlsson in Detroit Red Wings zone.
3:48 of 2nd period - Josh Bailey is hit by Ryan Hartman and loses puck.
4:10 of 2nd period - Off-side.
4:11 of 2nd period - Steven Stamkos wins face-off versus William Karlsson in neutral zone.
4:16 of 2nd period - Snap shot by Oliver Bjorkstrand.
4:16 of 2nd period - Shot Misses the Net.
4:18 of 2nd period - Snap shot by Ryan Strome.
4:18 of 2nd period - Stopped by Vitek Vanecek without a rebound.
4:19 of 2nd period - William Karlsson wins face-off versus Steven Stamkos in Detroit Red Wings zone.
4:20 of 2nd period - Snap shot by Oliver Bjorkstrand.
4:20 of 2nd period - Stopped by Vitek Vanecek without a rebound.
4:21 of 2nd period - William Karlsson wins face-off versus Steven Stamkos in Detroit Red Wings zone.
4:24 of 2nd period - Slapshot by Ryan Strome.
4:24 of 2nd period - Stopped by Vitek Vanecek without a rebound.
4:25 of 2nd period - Mika Zibanejad wins face-off versus William Karlsson in Detroit Red Wings zone.
4:38 of 2nd period - Snap shot by Carter Verhaeghe.
4:38 of 2nd period - Shot Misses the Net.
4:40 of 2nd period - Snap shot by Mika Zibanejad.
4:40 of 2nd period - Shot Blocked by Derek Forbort.
4:42 of 2nd period - Wrist shot by Matthew Boldy.
4:42 of 2nd period - Goal by Matthew Boldy - San Jose Sharks : 1 - Detroit Red Wings : 1.
4:43 of 2nd period - William Karlsson wins face-off versus Jared McCann in neutral zone.
4:46 of 2nd period - Snap shot by Oliver Bjorkstrand.
4:46 of 2nd period - Shot Misses the Net.
4:48 of 2nd period - Snap shot by Oliver Bjorkstrand.
4:48 of 2nd period - Shot Blocked by Kevin Shattenkirk.
5:08 of 2nd period - Derek Forbort is hit by Kevin Shattenkirk and loses puck.
5:29 of 2nd period - Snap shot by Mika Zibanejad.
5:29 of 2nd period - Shot Misses the Net.
5:54 of 2nd period - Slapshot by Josh Bailey.
5:54 of 2nd period - Goal by Josh Bailey - San Jose Sharks : 1 - Detroit Red Wings : 2.
5:55 of 2nd period - Steven Stamkos wins face-off versus William Karlsson in neutral zone.
6:02 of 2nd period - Slapshot by Steven Stamkos.
6:02 of 2nd period - Deflect By Alexander Barabanov.
6:02 of 2nd period - Shot Misses the Net.
6:02 of 2nd period - Puck is out of play.
6:03 of 2nd period - Steven Stamkos wins face-off versus William Karlsson in San Jose Sharks zone.
6:06 of 2nd period - Snap shot by Steven Stamkos.
6:06 of 2nd period - Shot Misses the Net.
6:08 of 2nd period - Slapshot by Patrick Kane.
6:08 of 2nd period - Goal by Patrick Kane - San Jose Sharks : 1 - Detroit Red Wings : 3.
6:09 of 2nd period - Adam Henrique wins face-off versus Jared McCann in neutral zone.
6:36 of 2nd period - MacKenzie Weegar is hit by Oliver Bjorkstrand and loses puck.
7:03 of 2nd period - Snap shot by Matthew Boldy.
7:03 of 2nd period - Shot Misses the Net.
7:05 of 2nd period - Slapshot by Shayne Gostisbehere.
7:05 of 2nd period - Shot Blocked by Andreas Athanasiou.
7:22 of 2nd period - Shayne Gostisbehere is hit by Andreas Athanasiou and loses puck.
7:51 of 2nd period - Wrist shot by Andreas Athanasiou.
7:51 of 2nd period - Stopped by Vitek Vanecek with a rebound.
8:17 of 2nd period - Wrist shot by Andreas Athanasiou.
8:17 of 2nd period - Shot Misses the Net.
8:23 of 2nd period - Snap shot by Andreas Athanasiou.
8:23 of 2nd period - Shot Misses the Net.
8:25 of 2nd period - Snap shot by Joel Edmundson.
8:25 of 2nd period - Deflect By Nicholas Paul.
8:25 of 2nd period - Stopped by Vitek Vanecek without a rebound.
8:26 of 2nd period - William Karlsson wins face-off versus Jared McCann in Detroit Red Wings zone.
9:00 of 2nd period - Slapshot by Patrick Kane.
9:00 of 2nd period - Shot Blocked by Alex Iafallo.
9:16 of 2nd period - Snap shot by Ryan Hartman.
9:16 of 2nd period - Deflect By Danton Heinen.
9:16 of 2nd period - Shot Blocked by Zach Bogosian.
9:16 of 2nd period - Puck is out of play.
9:17 of 2nd period - Mika Zibanejad wins face-off versus Mike Hoffman in Detroit Red Wings zone.
9:22 of 2nd period - Snap shot by Carter Verhaeghe.
9:22 of 2nd period - Stopped by Martin Jones with a rebound.
9:28 of 2nd period - Kevin Shattenkirk is hit by Michael Bunting and loses puck.
9:43 of 2nd period - Derek Forbort is hit by Steven Stamkos and loses puck.
10:09 of 2nd period - Shayne Gostisbehere is hit by Oliver Bjorkstrand and loses puck.
10:20 of 2nd period - Slapshot by Ryan Strome.
10:20 of 2nd period - Deflect By Oliver Bjorkstrand.
10:20 of 2nd period - Stopped by Vitek Vanecek without a rebound.
10:21 of 2nd period - Mika Zibanejad wins face-off versus William Karlsson in Detroit Red Wings zone.
10:21 of 2nd period - Mika Zibanejad is hit by Calle Rosen.
10:29 of 2nd period - Calle Rosen is hit by Shayne Gostisbehere and loses puck.
11:12 of 2nd period - Andreas Athanasiou is hit by Jonathan Huberdeau and loses puck.
12:09 of 2nd period - Wrist shot by Adam Henrique.
12:09 of 2nd period - Stopped by Vitek Vanecek without a rebound.
12:10 of 2nd period - Adam Henrique wins face-off versus Patrick Kane in Detroit Red Wings zone.
12:29 of 2nd period - Slapshot by Steven Stamkos.
12:29 of 2nd period - Shot Blocked by Adam Henrique.
12:31 of 2nd period - Backhand shot by Zach Bogosian.
12:31 of 2nd period - Stopped by Martin Jones with a rebound.
12:33 of 2nd period - Snap shot by Steven Stamkos.
12:33 of 2nd period - Stopped by Martin Jones with a rebound.
12:53 of 2nd period - Snap shot by Adam Henrique.
12:53 of 2nd period - Goal by Adam Henrique - San Jose Sharks : 2 - Detroit Red Wings : 3.
12:54 of 2nd period - William Karlsson wins face-off versus Jared McCann in neutral zone.
13:45 of 2nd period - Ryan Hartman is hit by Shayne Gostisbehere and loses puck.
13:52 of 2nd period - Wrist shot by Steven Stamkos.
13:52 of 2nd period - Shot Misses the Net.
14:10 of 2nd period - Slapshot by Sean Couturier.
14:10 of 2nd period - Shot Blocked by Derek Forbort.
14:12 of 2nd period - Slapshot by MacKenzie Weegar.
14:12 of 2nd period - Deflect By Nick Ritchie.
14:12 of 2nd period - Stopped by Martin Jones without a rebound.
14:13 of 2nd period - William Karlsson wins face-off versus Jared McCann in San Jose Sharks zone.
14:22 of 2nd period - Slapshot by Jonathan Huberdeau.
14:22 of 2nd period - Stopped by Martin Jones without a rebound.
14:23 of 2nd period - Jared McCann wins face-off versus William Karlsson in San Jose Sharks zone.
14:30 of 2nd period - Slapshot by Jared McCann.
14:30 of 2nd period - Shot Misses the Net.
14:55 of 2nd period - Jared McCann is hit by Oliver Bjorkstrand and loses puck.
15:04 of 2nd period - Snap shot by William Karlsson.
15:04 of 2nd period - Shot Misses the Net.
15:22 of 2nd period - Snap shot by Jonathan Huberdeau.
15:22 of 2nd period - Deflect By William Karlsson.
15:22 of 2nd period - Stopped by Martin Jones without a rebound.
15:23 of 2nd period - Adam Henrique wins face-off versus Mika Zibanejad in San Jose Sharks zone.
15:49 of 2nd period - Nikita Zadorov is hit by Shayne Gostisbehere and loses puck.
16:00 of 2nd period - Snap shot by Josh Bailey.
16:00 of 2nd period - Stopped by Martin Jones without a rebound.
16:01 of 2nd period - Andreas Athanasiou wins face-off versus Steven Stamkos in San Jose Sharks zone.
16:10 of 2nd period - Slapshot by Calle Rosen.
16:10 of 2nd period - Shot Misses the Net.
16:30 of 2nd period - Snap shot by Mika Zibanejad.
16:30 of 2nd period - Goal by Mika Zibanejad - San Jose Sharks : 2 - Detroit Red Wings : 4.
16:31 of 2nd period - William Karlsson wins face-off versus Mika Zibanejad in neutral zone.
17:41 of 2nd period - Wrist shot by Sean Couturier.
17:41 of 2nd period - Shot Misses the Net.
18:06 of 2nd period - Snap shot by William Karlsson.
18:06 of 2nd period - Stopped by Vitek Vanecek without a rebound.
18:07 of 2nd period - William Karlsson wins face-off versus Alexander Barabanov in Detroit Red Wings zone.
18:12 of 2nd period - Wrist shot by William Karlsson.
18:12 of 2nd period - Shot Blocked by Alexander Barabanov.
18:14 of 2nd period - Snap shot by Oliver Bjorkstrand.
18:14 of 2nd period - Stopped by Vitek Vanecek with a rebound.
18:16 of 2nd period - Slapshot by Nikita Zadorov.
18:16 of 2nd period - Deflect By Patrick Kane.
18:16 of 2nd period - Stopped by Vitek Vanecek without a rebound.
18:17 of 2nd period - Ryan Strome wins face-off versus Steven Stamkos in Detroit Red Wings zone.
18:42 of 2nd period - Snap shot by Ryan Strome.
18:42 of 2nd period - Stopped by Vitek Vanecek without a rebound.
18:43 of 2nd period - Adam Henrique wins face-off versus Mika Zibanejad in Detroit Red Wings zone.
19:03 of 2nd period - Minor Penalty to Michael Del Zotto for Slashing.
19:04 of 2nd period - William Karlsson wins face-off versus Mika Zibanejad in Detroit Red Wings zone.
Goals for this period are 2 for San Jose Sharks vs 4 for Detroit Red Wings.
Shots for this period are 15 for San Jose Sharks vs 11 for Detroit Red Wings.
3rd period
0:01 of 3rd period - Mika Zibanejad wins face-off versus Ryan Strome in neutral zone.
0:06 of 3rd period - Slapshot by Philippe Myers.
0:06 of 3rd period - Deflect By Mika Zibanejad.
0:06 of 3rd period - Stopped by Martin Jones with a rebound.
1:03 of 3rd period - Penalty to Michael Del Zotto is over, Michael Del Zotto is back on ice.
1:50 of 3rd period - Jared McCann is hit by William Karlsson.
3:05 of 3rd period - Snap shot by Arthur Kaliyev.
3:05 of 3rd period - Shot Blocked by Oliver Bjorkstrand.
3:07 of 3rd period - Wrist shot by Arthur Kaliyev.
3:07 of 3rd period - Stopped by Martin Jones with a rebound.
3:37 of 3rd period - Anthony Deangelo is hit by Nick Ritchie and loses puck.
4:13 of 3rd period - Michael Bunting is hit by Carter Verhaeghe.
4:31 of 3rd period - Snap shot by Ryan Hartman.
4:31 of 3rd period - Stopped by Vitek Vanecek with a rebound.
4:33 of 3rd period - Wrist shot by Alex Iafallo.
4:33 of 3rd period - Shot Blocked by Kevin Shattenkirk.
4:45 of 3rd period - Calle Rosen is hit by Kevin Shattenkirk and loses puck.
5:16 of 3rd period - Nicholas Paul is hit by Kevin Shattenkirk and loses puck.
5:27 of 3rd period - Jacob Middleton is hit by Michael Del Zotto and loses puck.
5:39 of 3rd period - Nicholas Paul is hit by Zach Bogosian and loses puck.
5:55 of 3rd period - Nikita Zadorov is hit by Mika Zibanejad.
6:01 of 3rd period - Matthew Boldy is hit by Adam Henrique and loses puck.
7:07 of 3rd period - Adam Henrique is hit by Kevin Shattenkirk and loses puck.
7:20 of 3rd period - Alexander Barabanov is hit by Nicholas Paul.
7:29 of 3rd period - Alexander Barabanov is hit by Travis Boyd and loses puck.
7:40 of 3rd period - Joel Edmundson is hit by Mika Zibanejad and loses puck.
7:45 of 3rd period - Backhand shot by Mika Zibanejad.
7:45 of 3rd period - Stopped by Martin Jones with a rebound.
7:47 of 3rd period - Slapshot by Philippe Myers.
7:47 of 3rd period - Shot Misses the Net.
7:49 of 3rd period - Slapshot by Carter Verhaeghe.
7:49 of 3rd period - Stopped by Martin Jones with a rebound.
7:51 of 3rd period - Backhand shot by Matthew Boldy.
7:51 of 3rd period - Goal by Matthew Boldy - San Jose Sharks : 2 - Detroit Red Wings : 5.
7:52 of 3rd period - Alex Iafallo wins face-off versus Mika Zibanejad in neutral zone.
8:24 of 3rd period - Wrist shot by Andreas Athanasiou.
8:24 of 3rd period - Stopped by Vitek Vanecek without a rebound.
8:25 of 3rd period - Adam Henrique wins face-off versus Jared McCann in Detroit Red Wings zone.
8:57 of 3rd period - Wrist shot by Ryan Strome.
8:57 of 3rd period - Goal by Ryan Strome - San Jose Sharks : 3 - Detroit Red Wings : 5.
8:58 of 3rd period - Steven Stamkos wins face-off versus William Karlsson in neutral zone.
9:18 of 3rd period - Kevin Shattenkirk is hit by Oliver Bjorkstrand and loses puck.
9:33 of 3rd period - Adam Henrique is hit by Matthew Boldy and loses puck.
9:48 of 3rd period - Minor Penalty to Alex Iafallo for Interference.
9:49 of 3rd period - Mika Zibanejad wins face-off versus Adam Henrique in San Jose Sharks zone.
9:50 of 3rd period - Wrist shot by Carter Verhaeghe.
9:50 of 3rd period - Deflect By Matthew Boldy.
9:50 of 3rd period - Shot Misses the Net.
9:50 of 3rd period - Puck is out of play.
9:51 of 3rd period - Adam Henrique wins face-off versus Matthew Boldy in San Jose Sharks zone.
10:00 of 3rd period - Carter Verhaeghe is hit by Derek Forbort and loses puck.
10:39 of 3rd period - Ryan Hartman is hit by Patrick Kane and loses puck.
10:52 of 3rd period - Snap shot by Steven Stamkos.
10:52 of 3rd period - Deflect By Mike Hoffman.
10:52 of 3rd period - Shot Misses the Net.
10:52 of 3rd period - Puck is out of play.
10:53 of 3rd period - Mika Zibanejad wins face-off versus William Karlsson in San Jose Sharks zone.
10:58 of 3rd period - Wrist shot by Carter Verhaeghe.
10:58 of 3rd period - Shot Misses the Net.
11:28 of 3rd period - Ryan Hartman is hit by Kevin Shattenkirk and loses puck.
11:48 of 3rd period - Penalty to Alex Iafallo is over, Alex Iafallo is back on ice.
11:49 of 3rd period - Nikita Zadorov is hit by Mika Zibanejad and loses puck.
12:36 of 3rd period - Ryan Strome is hit by Michael Del Zotto and loses puck.
12:55 of 3rd period - Slapshot by Michael Bunting.
12:55 of 3rd period - Stopped by Vitek Vanecek with a rebound.
13:20 of 3rd period - Mike Hoffman is hit by Alexander Barabanov and loses puck.
13:31 of 3rd period - Alexander Barabanov is hit by Derek Forbort and loses puck.
13:42 of 3rd period - Mike Hoffman is hit by Alexander Barabanov and loses puck.
13:55 of 3rd period - Snap shot by Mike Hoffman.
13:55 of 3rd period - Shot Misses the Net.
14:14 of 3rd period - Mike Hoffman is hit by Alexander Barabanov and loses puck.
14:41 of 3rd period - Icing by MacKenzie Weegar.
14:42 of 3rd period - Adam Henrique wins face-off versus Steven Stamkos in Detroit Red Wings zone.
14:43 of 3rd period - Wrist shot by Alex Iafallo.
14:43 of 3rd period - Shot Blocked by Kevin Shattenkirk.
14:51 of 3rd period - Snap shot by Patrick Kane.
14:51 of 3rd period - Shot Blocked by Derek Forbort.
14:53 of 3rd period - Slapshot by MacKenzie Weegar.
14:53 of 3rd period - Shot Misses the Net.
15:11 of 3rd period - Slapshot by Patrick Kane.
15:11 of 3rd period - Stopped by Martin Jones with a rebound.
15:15 of 3rd period - Snap shot by Patrick Kane.
15:15 of 3rd period - Stopped by Martin Jones with a rebound.
15:17 of 3rd period - Snap shot by MacKenzie Weegar.
15:17 of 3rd period - Stopped by Martin Jones with a rebound.
15:19 of 3rd period - Slapshot by MacKenzie Weegar.
15:19 of 3rd period - Shot Misses the Net.
15:21 of 3rd period - Slapshot by MacKenzie Weegar.
15:21 of 3rd period - Shot Blocked by Ryan Hartman.
15:39 of 3rd period - Slapshot by Alexander Barabanov.
15:39 of 3rd period - Shot Misses the Net.
15:59 of 3rd period - Snap shot by Steven Stamkos.
15:59 of 3rd period - Shot Misses the Net.
16:03 of 3rd period - Wrist shot by Steven Stamkos.
16:03 of 3rd period - Shot Misses the Net.
16:05 of 3rd period - Slapshot by Kevin Shattenkirk.
16:05 of 3rd period - Deflect By Adam Henrique.
16:05 of 3rd period - Stopped by Martin Jones with a rebound.
16:07 of 3rd period - Wrist shot by Patrick Kane.
16:07 of 3rd period - Stopped by Martin Jones without a rebound.
16:08 of 3rd period - Arthur Kaliyev wins face-off versus Nicholas Paul in San Jose Sharks zone.
16:11 of 3rd period - Wrist shot by Jonathan Huberdeau.
16:11 of 3rd period - Stopped by Martin Jones with a rebound.
16:13 of 3rd period - Minor Penalty to Anthony Deangelo for Boarding.
16:14 of 3rd period - Nicholas Paul wins face-off versus Mika Zibanejad in San Jose Sharks zone.
16:19 of 3rd period - Wrist shot by Nicholas Paul.
16:19 of 3rd period - Stopped by Vitek Vanecek with a rebound.
17:58 of 3rd period - Mike Hoffman is hit by Zach Bogosian and loses puck.
18:12 of 3rd period - Icing by Zach Bogosian.
18:13 of 3rd period - Penalty to Anthony Deangelo is over, Anthony Deangelo is back on ice.
18:13 of 3rd period - Jared McCann wins face-off versus William Karlsson in Detroit Red Wings zone.
18:37 of 3rd period - Snap shot by Andreas Athanasiou.
18:37 of 3rd period - Stopped by Vitek Vanecek without a rebound.
18:38 of 3rd period - Mika Zibanejad wins face-off versus Adam Henrique in Detroit Red Wings zone.
Goals for this period are 1 for San Jose Sharks vs 1 for Detroit Red Wings.
Shots for this period are 6 for San Jose Sharks vs 11 for Detroit Red Wings.
Back to the Top